 Dungeon Crawl Stone Soup version 0.21.1-1-g345015fe64 (webtiles) character file.

585 KleinerIrrer the Skirmisher (level 7, 0/60 HPs)
             Began as a Gnoll Abyssal Knight on Mar 17, 2018.
             Was a Believer of Lugonu.
             Succumbed to an orc's poison
             ... on level 5 of the Dungeon.
             The game lasted 00:12:27 (4832 turns).

KleinerIrrer the Skirmisher (Gnoll Abyssal Knight)  Turns: 4832, Time: 00:12:27

Health: 0/60       AC: 16    Str: 16    XL:     7   Next: 37%
Magic:  0/11       EV:  8    Int: 18    God:    Lugonu [**....]
Gold:   95         SH:  0    Dex: 15    Spells: 10/10 levels left

rFire    . . .     SeeInvis +   a - +1 hand axe
rCold    . . .     Gourm    .   (no shield)
rNeg     . . .     Faith    .   r - +0 chain mail
rPois    .         Spirit   +   (no helmet)
rElec    .         Reflect  .   (no cloak)
rCorr    +         Harm     .   y - +2 pair of gloves
MR       .....                  A - +2 pair of boots "Damnable Contraption" {Int+4}
Stlth    ..........             B - amulet of guardian spirit
HPRegen  0.20/turn              m - ring of see invisible
MPRegen  0.12/turn              C - ring of resist corrosion

@: lethally poisoned (0 -> -12)
A: distributed training, fangs 1, strong nose
a: Depart the Abyss, Bend Space, Renounce Religion


You were on level 5 of the Dungeon.
You worshipped Lugonu.
Lugonu was pleased with you.
You were hungry.

You visited 1 branch of the dungeon, and saw 5 of its levels.
You visited the Abyss 1 time.

You collected 342 gold pieces.
You spent 247 gold pieces at shops.

Inventory:

Hand Weapons
 a - a +1 hand axe (weapon)
Missiles
 v - 49 bolts
Armour
 b - a +0 leather armour
 r - a +0 chain mail (worn)
 u - a +0 pair of gloves
 y - a +2 pair of gloves (worn)
 A - the +2 pair of boots "Damnable Contraption" (worn) {Int+4}
   (You bought it in a shop on level 4 of the Dungeon)

   It affects your intelligence (+4).
Jewellery
 m - a ring of see invisible (left hand)
 B - an amulet of guardian spirit (around neck)
 C - a ring of resist corrosion (right hand)
Scrolls
 e - 3 scrolls of magic mapping {unknown}
 f - 11 scrolls of identify {unknown}
 h - 3 scrolls of remove curse {unknown}
 i - a scroll of fog {unknown}
 p - 2 scrolls of noise {unknown}
 q - a scroll of fear {unknown}
 z - a scroll of amnesia {unknown}
 D - 2 scrolls of teleportation {unknown}
 I - a scroll of enchant armour {unknown}
 J - a scroll of immolation {unknown}
Potions
 d - 3 potions of lignification {unknown}
 g - a potion of agility {unknown}
 j - 3 potions of haste {unknown}
 k - a potion of magic {unknown}
 l - 2 potions of curing {unknown}
 n - a potion of experience {unknown}
 o - 2 potions of heal wounds {unknown}
 s - 2 potions of berserk rage {unknown}
 t - a potion of might {unknown}
 w - a potion of invisibility {unknown}
 x - a potion of degeneration {unknown}
 E - a potion of resistance {unknown}
 F - a potion of flight {unknown}
 G - a potion of cancellation {unknown}
Comestibles
 c - 12 rations


   Skills:
 + Level 7.0 Fighting
 + Level 2.4 Short Blades
 + Level 2.4 Long Blades
 + Level 5.2 Axes
 + Level 2.4 Maces & Flails
 + Level 2.4 Polearms
 + Level 2.4 Staves
 + Level 2.4 Slings
 + Level 2.4 Bows
 + Level 2.4 Crossbows
 + Level 2.4 Throwing
 + Level 5.2 Armour
 + Level 3.5 Dodging
 + Level 2.4 Stealth
 + Level 2.4 Shields
 + Level 2.4 Unarmed Combat
 + Level 2.4 Spellcasting
 + Level 2.0 Conjurations
 + Level 2.0 Hexes
 + Level 2.0 Charms
 + Level 2.0 Summonings
 + Level 2.0 Necromancy
 + Level 2.0 Translocations
 + Level 2.0 Transmutations
 + Level 2.0 Fire Magic
 + Level 2.0 Ice Magic
 + Level 2.0 Air Magic
 + Level 2.0 Earth Magic
 + Level 2.0 Poison Magic
 + Level 5.3 Invocations
 + Level 2.4 Evocations


You had 10 spell levels left.
You didn't know any spells.

Dungeon Overview and Level Annotations

Branches:
Dungeon (5/15)             Temple (0/1) D:4

Altars:
Hepliaklqana
Kikubaaqudgha
Qazlal

Shops:
D:4 [(

Annotations:
D:3 2 transporters
D:5 error's ghost, amateur OpVM


Innate Abilities, Weirdness & Mutations

Your experience applies equally to all skills.
You have very sharp teeth.
Your uncanny sense of smell can sniff out nearby items.


Message History

Space bends around you!
You blink.
* * * LOW HITPOINT WARNING * * *
You feel sick. Space bends around you!
You blink.
* * * LOW HITPOINT WARNING * * *
You feel sick. Space bends around you!
You blink.
* * * LOW HITPOINT WARNING * * *
You feel sick.
The orc wizard points at you and mumbles some strange words.
The magic dart hits you!
The orc wizard casts a spell.
The orc wizard blinks!
You don't have enough magic at the moment.
Unknown command.
* * * LOW HITPOINT WARNING * * *
You feel sick.
The orc wizard casts a spell.
The orc wizard blinks!
You die...

........#..
#.....#...
........'. ∆
#.....#... ........#
#.....#...
........############
#.....#...
...........[.......#
#.....#...
.......o.o.%.......#
#.....#...
###....o...........#
##########
..#....o.o.o.......#
.o#.....oo.o....@..#
..'.....".oo.......#
###................#
#.......############
#.......# # .o...# #
.....# # .....# #
..o..#


You could see an orc priest, 2 orc wizards and 4 orcs.

Vanquished Creatures
  2 howler monkeys
  A crimson imp (D:5)
  A bullfrog zombie (D:5)
  A bullfrog skeleton (D:4)
  An orc priest (D:4)
  An iguana (D:4)
  3 orc wizards
  4 worker ants
  A mummy (D:5)
  4 adders
  2 oozes
  An adder skeleton (D:5)
  5 worms
  2 dart slugs (D:1)
  5 leopard geckos
  12 orcs
  5 bats
  6 giant cockroaches
  5 goblins
  6 hobgoblins
  2 jackals (D:3)
  5 quokkas
  2 ball pythons
  5 frilled lizards
  2 hobgoblin zombies (D:5)
  5 kobolds
  A kobold zombie (D:5)
  An orc zombie (D:5)
  A quokka skeleton (D:4)
  8 rats
100 creatures vanquished.

Notes
Turn   | Place    | Note
-------+----------+-------------------------------------------
     0 | Abyss:1  | KleinerIrrer the Gnoll Abyssal Knight began the quest for the Orb.
     0 | Abyss:1  | Reached XP level 1. HP: 23/23 MP: 3/3
    50 | Abyss:1  | Noticed a large abomination
    50 | D:1      | Escaped the Abyss
   393 | D:1      | Reached * piety under Lugonu
   393 | D:1      | Reached XP level 2. HP: 27/29 MP: 5/5
   605 | D:1      | Reached XP level 3. HP: 30/35 MP: 6/6
  1205 | D:2      | Reached ** piety under Lugonu
  1206 | D:2      | Found a hazy altar of Hepliaklqana.
  1217 | D:2      | Reached skill level 1 in Short Blades
  1217 | D:2      | Reached skill level 1 in Long Blades
  1217 | D:2      | Reached skill level 1 in Maces & Flails
  1217 | D:2      | Reached skill level 1 in Polearms
  1217 | D:2      | Reached skill level 1 in Staves
  1217 | D:2      | Reached skill level 1 in Slings
  1217 | D:2      | Reached skill level 1 in Bows
  1217 | D:2      | Reached skill level 1 in Crossbows
  1217 | D:2      | Reached skill level 1 in Throwing
  1217 | D:2      | Reached skill level 1 in Stealth
  1217 | D:2      | Reached skill level 1 in Shields
  1217 | D:2      | Reached skill level 1 in Unarmed Combat
  1217 | D:2      | Reached skill level 1 in Spellcasting
  1217 | D:2      | Reached skill level 1 in Evocations
  1229 | D:2      | Reached XP level 4. HP: 38/41 MP: 7/7
  1346 | D:2      | Found a faded altar of an unknown god.
  2026 | D:3      | Reached skill level 1 in Conjurations
  2026 | D:3      | Reached skill level 1 in Hexes
  2026 | D:3      | Reached skill level 1 in Charms
  2026 | D:3      | Reached skill level 1 in Summonings
  2026 | D:3      | Reached skill level 1 in Necromancy
  2026 | D:3      | Reached skill level 1 in Translocations
  2026 | D:3      | Reached skill level 1 in Transmutations
  2026 | D:3      | Reached skill level 1 in Fire Magic
  2026 | D:3      | Reached skill level 1 in Ice Magic
  2026 | D:3      | Reached skill level 1 in Air Magic
  2026 | D:3      | Reached skill level 1 in Earth Magic
  2026 | D:3      | Reached skill level 1 in Poison Magic
  2026 | D:3      | Reached XP level 5. HP: 22/47 MP: 8/8
  2209 | D:3      | Found a transporter.
  2231 | D:3      | Found a transporter.
  2988 | D:3      | Reached skill level 5 in Invocations
  2988 | D:3      | Reached XP level 6. HP: 40/53 MP: 9/9
  3253 | D:4      | Reached skill level 5 in Axes
  3253 | D:4      | Reached skill level 5 in Armour
  3385 | D:4      | Found an ancient bone altar of Kikubaaqudgha.
  3422 | D:4      | Found Foutok's Antique Weapon Boutique.
  3427 | D:4      | Found Neohagie's Antique Armour Emporium.
  3457 | D:4      | Bought a pair of steaming boots for 247 gold pieces
  3462 | D:4      | Identified the +2 pair of boots "Damnable Contraption" {Int+4} (You bought it in a shop on level 4 of the Dungeon)
  3995 | D:4      | Found a staircase to the Ecumenical Temple.
  4183 | D:5      | Entered Level 5 of the Dungeon
  4255 | D:5      | Reached XP level 7. HP: 55/59 MP: 8/10
  4322 | D:5      | Noticed error's ghost (amateur OpVM)
  4600 | D:5      | Reached skill level 7 in Fighting
  4727 | D:5      | Found a stormy altar of Qazlal.
  4830 | D:5      | HP: 3/60 [poisoned by an orc]
  4832 | D:5      | Succumbed to an orc's poison

Skill      XL: |  1  2  3  4  5  6  7 |
---------------+----------------------+-----
Short Blades   | 1 2 |  2.4
Long Blades    | 1 2 |  2.4
Maces & Flails | 1 2 |  2.4
Polearms       | 1 2 |  2.4
Staves         | 1 2 |  2.4
Slings         | 1 2 |  2.4
Bows           | 1 2 |  2.4
Crossbows      | 1 2 |  2.4
Throwing       | 1 2 |  2.4
Stealth        | 1 2 |  2.4
Shields        | 1 2 |  2.4
Unarmed Combat | 1 2 |  2.4
Spellcasting   | 1 2 |  2.4
Evocations     | 1 2 |  2.4
Conjurations   | 1 2 |  2.0
Hexes          | 1 2 |  2.0
Charms         | 1 2 |  2.0
Summonings     | 1 2 |  2.0
Necromancy     | 1 2 |  2.0
Translocations | 1 2 |  2.0
Transmutations | 1 2 |  2.0
Fire Magic     | 1 2 |  2.0
Ice Magic      | 1 2 |  2.0
Air Magic      | 1 2 |  2.0
Earth Magic    | 1 2 |  2.0
Poison Magic   | 1 2 |  2.0
Dodging        | 3 |  3.5
Invocations    | 5 |  5.3
Axes           | 5 |  5.2
Armour         | 5 |  5.2
Fighting       | 7 |  7.0

Action                   |  1- 3 |  4- 6 |  7- 9 || total
-------------------------+-------+-------+-------++-------
Melee: Hand axe          |    90 |   242 |    77 ||   409
       Bite              |     9 |    29 |    12 ||    50
       Punch             |       |     1 |     1 ||     2
Invok: Depart the Abyss  |     1 |       |       ||     1
       Bend Space        |       |       |     8 ||     8
 Stab: Sleeping          |     3 |     2 |       ||     5
  Eat: Chunk             |     1 |     7 |     1 ||     9
       Ration            |       |     1 |       ||     1
Armor: Leather armour    |     8 |    16 |       ||    24
       Chain mail        |       |   126 |    44 ||   170
Dodge: Dodged            |    48 |   133 |    37 ||   218
